 Dungeon Crawl Stone Soup version 0.13.0-15-g9204fa6 (webtiles) character file.

1286 HungrySpirit the Cleaver (level 8, -3/48 HPs)
             Began as a Gargoyle Fighter on Oct 20, 2013.
             Killed from afar by an orc wizard (9 damage)
             ... with a magic dart
             ... on Level 6 of the Dungeon.
             The game lasted 00:11:03 (3588 turns).

HungrySpirit the Cleaver (Gargoyle Fighter)         Turns: 3588, Time: 00:11:03

HP  -3/48        AC 16     Str 23      XL: 8   Next: 21%
MP   7/7         EV 10     Int  8      God:
Gold 270         SH 18     Dex  9      Spells:  0 memorised,  7 levels left

Res.Fire  : . . .   See Invis. : .   a - +0 hand axe {=f}
Res.Cold  : . . .   Warding    : .   b - +0 scale mail
Life Prot.: + . .   Conserve   : .   c - +0 shield
Res.Poison: +       Res.Corr.  : .   (no helmet)
Res.Elec. : +       Clarity    : .   (no cloak)
Sust.Abil.: . .     Spirit.Shd : .   v - +1 pair of gloves
Res.Mut.  : .       Stasis     : +   (no boots)
Res.Rott. : +       Flight     : .   E - amulet of stasis {unknown}
Saprovore : . . .                    i - +2 ring of protection
                                     n - +4 ring of evasion

@: slightly resistant to hostile enchantments, extremely unstealthy
A: fangs 1, talons 2, life protection 1, electricity resistance, slow metabolism
1, unbreathing, petrification resistance, AC +5
a: no special abilities


You were on level 6 of the Dungeon.
You were hungry.

You visited 1 branch of the dungeon, and saw 6 of its levels.

You collected 250 gold pieces.

Inventory:

Hand weapons
 a - a +0,+0 hand axe (weapon) {=f}
 s - a +0,+0 hand axe (quivered)
Armour
 b - a +0 scale mail (worn)
 c - a +0 shield (worn)
 v - a +1 pair of gloves (worn)
Comestibles
 d - 6 bread rations
 g - 6 sultanas
 D - an apple
Scrolls
 e - 4 scrolls of remove curse {unknown}
 k - a scroll of curse armour {unknown}
 o - a scroll of curse jewellery {unknown}
 p - 2 scrolls of enchant armour {unknown}
 r - 2 scrolls of magic mapping {unknown}
 t - 4 scrolls of identify {unknown}
 u - a scroll of enchant weapon I {unknown}
 x - a scroll of amnesia {unknown}
 y - a scroll of fog {unknown}
 A - 3 scrolls of random uselessness {unknown}
 B - a scroll of enchant weapon II {unknown}
 G - 3 scrolls of recharging {unknown}
 H - a scroll of teleportation {unknown}
 I - a scroll of fear {unknown}
Jewellery
 f - an uncursed ring of flight
 i - a +2 ring of protection (right hand)
 j - a +3 ring of intelligence
 n - a +4 ring of evasion (left hand)
 z - an uncursed ring of protection from cold {unknown}
 E - an amulet of stasis (around neck) {unknown}
Potions
 h - 2 potions of flight {unknown}
 l - a potion of slowing {unknown}
 m - 2 potions of restore abilities {unknown}
 q - a potion of curing {unknown}
 w - 3 potions of heal wounds {unknown}
 C - a potion of paralysis {unknown}
 F - a potion of beneficial mutation {unknown}
 J - 2 potions of might {unknown}


   Skills:
 - Level 3.2 Fighting
 + Level 8.7 Axes
 - Level 3.2 Armour
 - Level 3.2 Shields


You had 7 spell levels left.
You didn't know any spells.

Dungeon Overview and Level Annotations

Branches:
Dungeon (6/27)
 Temple: D:4-7          Orc: D:6-11

Altars:
Sif Muna
Trog
Zin

Shops:
D:5 [


Innate Abilities, Weirdness & Mutations

You are resistant to torment.
You are immune to poison.
Your stone body is very resilient (AC +5).
You have very sharp teeth.
You have razor-sharp toenails.
You resist negative energy.
You are resistant to electric shocks.
You have a slow metabolism.
You can survive without breathing.
You are immune to petrification.


Message History

You hit the crimson imp.
The crimson imp is moderately wounded.
You block the adder's attack. The orc wizard closely misses you.
The orc wizard hits you but does no damage.
You block the orc's attack. The adder closely misses you.
The crimson imp hits you but does no damage.
The orc wizard hits you but does no damage.
You hit the crimson imp.
The crimson imp is heavily wounded.
You hit the orc wizard but do no damage.
The orc wizard is heavily wounded.
You hit the orc.
The orc is heavily wounded.
You closely miss the adder. You claw the adder.
The adder is severely wounded.
You hit the orc wizard.
The orc wizard is lightly wounded.
The orc wizard casts a spell at you. The magic dart hits you!
You die...

...................
........
...................
....
...................
....................
...................
...................
...................
..........5.......
.........@o.......
........oSo.......
................
...............
.....?.........
........$....
###........ #.(...).
...


You could see 2 orc wizards, a crimson imp, an adder and an orc.

Vanquished Creatures
  Prince Ribbit (D:4)
  A sky beast (D:5)
  An ogre (D:5)
  Blork the orc (D:5)
  A yak skeleton (D:3)
  A crimson imp (D:3)
  A jelly (D:5)
  2 hounds
  A giant frog skeleton (D:4)
  5 worker ants
  2 scorpions
  6 gnolls
  7 adders
  A giant mite (D:2)
  3 giant geckos
  2 oozes
  3 orcs
  A ball python (D:1)
  A bat skeleton (D:5)
  A giant cockroach (D:4)
  8 goblins
  9 hobgoblins
  11 bats
  4 giant newts
  4 jackals (D:6)
  14 kobolds
  A quokka (D:2)
  13 rats
106 creatures vanquished.

Notes
Turn   | Place    | Note
--------------------------------------------------------------
     0 | D:1      | HungrySpirit, the Gargoyle Fighter, began the quest for the Orb.
     0 | D:1      | Reached XP level 1. HP: 14/14 MP: 0/0
   166 | D:1      | Reached XP level 2. HP: 16/19 MP: 1/1
   728 | D:2      | Reached XP level 3. HP: 21/24 MP: 2/2
   952 | D:2      | Found a bloodstained altar of Trog.
  1047 | D:2      | Reached XP level 4. HP: 23/28 MP: 3/3
  1076 | D:2      | Reached skill level 4 in Axes
  1604 | D:2      | Reached XP level 5. HP: 33/33 MP: 4/4
  1941 | D:3      | Reached skill level 5 in Axes
  2170 | D:3      | Reached XP level 6. HP: 36/38 MP: 5/5
  2610 | D:4      | Reached skill level 6 in Axes
  2775 | D:4      | Noticed Prince Ribbit
  2785 | D:4      | Killed Prince Ribbit
  2785 | D:4      | Reached skill level 7 in Axes
  2785 | D:4      | Reached XP level 7. HP: 33/42 MP: 6/6
  2817 | D:4      | Found a deep blue altar of Sif Muna.
  2853 | D:5      | Entered Level 5 of the Dungeon
  2970 | D:5      | Found a glowing silver altar of Zin.
  3083 | D:5      | Reached skill level 8 in Axes
  3210 | D:5      | Found Stued's Armour Shoppe.
  3214 | D:5      | Noticed Blork the orc
  3226 | D:5      | Reached XP level 8. HP: 48/48 MP: 7/7
  3235 | D:5      | Killed Blork the orc
  3588 | D:6      | Killed from afar by an orc wizard

Action                   |  1- 3 |  4- 6 |  7- 9 || total
-------------------------+-------+-------+-------++-------
Melee: Hand axe          |    82 |   181 |   141 ||   404
Evoke: Wand              |       |       |     1 ||     1
